 Dungeon Crawl Stone Soup version 0.28-a0-723-g095bd1b44f (webtiles) character file.

Game seed: 284356560460119668

377 flotson the Sneak (level 6, -2/48 HPs)
             Began as a Demonspawn Delver on Oct 25, 2021.
             Was an Initiate of Gozag.
             Slain by Prince Ribbit (4 damage)
             ... on level 5 of the Dungeon.
             The game lasted 00:10:57 (5811 turns).

flotson the Sneak (Demonspawn Delver)               Turns: 5811, Time: 00:10:58

Health: -2/48      AC: 12    Str: 14    XL:     6   Next: 45%
Magic:  6/6        EV: 10    Int: 11    God:    Gozag
Gold:   351        SH:  0    Dex: 15    Spells: 5/5 levels left

rFire   . . .      SeeInvis .   a - +0 hand axe
rCold   . . .      Faith    .   (no shield)
rNeg    . . .      Spirit   .   q - +0 chain mail
rPois   .          Reflect  .   (helmet restricted)
rElec   .          Harm     .   (no cloak)
rCorr   .          Rampage  .   h - +0 pair of gloves
Will    .....                   b - +1 pair of boots
Stlth   ..........              u - amulet of magic regeneration
HPRegen 0.16/turn               (no ring)
MPRegen 0.35/turn               (no ring)

@: no status effects
A: antennae 2, repulsion field 2, demonic guardian 1
a: Renounce Religion, Potion Petition, Call Merchant, Bribe Branch


You were on level 5 of the Dungeon.
You worshipped Gozag.
Gozag was aware of your devotion.
You visited 2 branches of the dungeon, and saw 6 of its levels.

You collected 403 gold pieces.
You paid 52 gold pieces to Gozag.

Inventory:

Hand Weapons
 a - a +0 hand axe (weapon)
Armour
 b - a +1 pair of boots (worn)
 h - a +0 pair of gloves (worn)
 q - a +0 chain mail (worn)
Jewellery
 u - an amulet of magic regeneration (around neck)
Wands
 g - a wand of digging (3)
 v - a wand of flame (4)
Scrolls
 c - a scroll of fog
 f - a scroll of acquirement {unknown}
 i - 7 scrolls of identify {unknown}
 j - a scroll of noise {unknown}
 n - a scroll of silence {unknown}
 o - a scroll of summoning {unknown}
 r - 3 scrolls of teleportation {unknown}
 s - a scroll of enchant armour {unknown}
 t - a scroll of brand weapon {unknown}
 y - a scroll of enchant weapon {unknown}
Potions
 d - a potion of mutation {unknown}
 e - a potion of curing {unknown}
 k - a potion of lignification {unknown}
 l - a potion of heal wounds {unknown}
 m - a potion of ambrosia {unknown}
 p - a potion of magic {unknown}
 w - a potion of attraction {unknown}
 x - a potion of degeneration {unknown}
 z - 2 potions of haste


   Skills:
 + Level 3.8 Fighting
 + Level 3.9 Axes
 + Level 2.4 Armour
 + Level 2.8 Dodging
 - Level 5.1 Stealth
 + Level 1.2 Evocations


You had 5 spell levels left.
You didn't know any spells.
Your spell library contained the following spells:

 Spells                   Type           Power      Damage    Failure   Level
 Beastly Appendage        Tmut           0%         N/A       100%        1
 Sandblast                Erth           0%         2d4       100%        1
 Passwall                 Tmut/Erth      0%         N/A       100%        2
 Wereblood                Tmut           0%         N/A       100%        2
 Spider Form              Tmut/Pois      0%         N/A       100%        3
 Stone Arrow              Conj/Erth      0%         3d7       100%        3


Dungeon Overview and Level Annotations

Branches:
Dungeon (5/15)             Temple (1/1) D:4

Altars:
Dithmenos
Elyvilon
Gozag
Qazlal
Trog
Xom

Shops:
D:3 :

Annotations:
D:5 Prince Ribbit


Innate Abilities, Weirdness & Mutations

You have a pair of antennae on your head.
You are surrounded by a moderate repulsion field. (EV +3)
A weak demonic guardian rushes to your aid.


Message History

You miss Prince Ribbit.
Prince Ribbit is lightly wounded.
Prince Ribbit hits you.
You closely miss Prince Ribbit.
Prince Ribbit is lightly wounded.
Prince Ribbit hits you!
* * * LOW HITPOINT WARNING * * *
A demonic guardian appears!
Prince Ribbit hits you.
* * * LOW HITPOINT WARNING * * *
You are too injured to fight recklessly!
You are too injured to fight recklessly!
You are too injured to fight recklessly!
You are too injured to fight recklessly!
You are too injured to fight recklessly!
You are too injured to fight recklessly!
You are too injured to fight recklessly!
You are too injured to fight recklessly!
You are too injured to fight recklessly!
You are too injured to fight recklessly!
You are too injured to fight recklessly!
You hit Prince Ribbit.
Prince Ribbit is moderately wounded.
Prince Ribbit hits you.
* * * LOW HITPOINT WARNING * * *
Your quasit completely misses Prince Ribbit.
Your quasit claws Prince Ribbit.
Your quasit completely misses Prince Ribbit.
You hit Prince Ribbit.
Prince Ribbit is moderately wounded.
Prince Ribbit barely misses you.
Your quasit misses Prince Ribbit.
Your quasit claws Prince Ribbit. x2
Prince Ribbit hits you but does no damage.
Your quasit barely misses Prince Ribbit.
Your quasit completely misses Prince Ribbit.
Your quasit barely misses Prince Ribbit.
You miss Prince Ribbit.
Prince Ribbit is heavily wounded.
Prince Ribbit hits you.
You die...
Your body crumbles into a pile of gold.

#.###.##..#
$ # #.###.#
#.# #.#
#.###.###.#
#.........#
#####.######
#......#
#.####.# #@#
#5F........
#.###..#.##
#. .?# # ...
####


You could see Prince Ribbit (ally target) and a friendly quasit (summoned).

Vanquished Creatures
  An ogre (D:4)
  A bullfrog (D:4)
  2 hounds (D:4)
  A howler monkey skeleton (D:4)
  5 adders
  An adder skeleton (D:4)
  2 dart slugs
  2 orcs
  4 ball pythons
  6 endoplasms
  6 giant cockroaches
  3 goblins
  8 hobgoblins
  10 jackals
  4 kobolds
  4 quokkas
  7 bats
  3 frilled lizards
  4 rats
  A spectral kobold (D:1)
75 creatures vanquished.

Vanquished Creatures (collateral kills)
  Ijyb (D:4)
  A bat (D:2)
  A quokka (D:1)
3 creatures vanquished.

Grand Total: 78 creatures vanquished

Notes
Turn   | Place    | Note
-------+----------+-------------------------------------------
     0 | D:5      | flotson the Demonspawn Delver began the quest for the Orb.
     0 | D:5      | Reached XP level 1. HP: 18/18 MP: 1/1
    22 | D:5      | Noticed Prince Ribbit
    53 | D:4      | Found a staircase to the Ecumenical Temple.
    58 | Temple   | Entered the Ecumenical Temple
    73 | D:4      | Noticed a bullfrog
    91 | D:4      | Noticed a hound
   107 | D:4      | Noticed a hound
   155 | D:4      | Noticed a jelly
   259 | D:3      | Found Naudgh's Book Shoppe.
   318 | D:3      | Gained mutation: You are surrounded by a mild repulsion
                  | field. (EV +2) [demonic ancestry]
   318 | D:3      | Reached XP level 2. HP: 14/24 MP: 2/2
   485 | D:3      | Found a bloodstained altar of Trog.
   510 | D:4      | Noticed an ogre
   907 | D:2      | Gained mutation: You have a pair of small antennae on your
                  | head. [demonic ancestry]
   907 | D:2      | Reached XP level 3. HP: 29/29 MP: 3/3
   941 | D:1      | Found a faded altar of an unknown god.
  1561 | D:3      | Reached skill level 5 in Stealth
  1939 | D:3      | Found a shimmering altar of Xom.
  2138 | D:3      | Found a shadowy altar of Dithmenos.
  2480 | D:4      | Reached skill level 1 in Armour
  2480 | D:4      | Gained mutation: A weak demonic guardian rushes to your
                  | aid. [demonic ancestry]
  2480 | D:4      | Reached XP level 4. HP: 18/35 MP: 4/4
  2497 | Temple   | Became a worshipper of Gozag Ym Sagoz the Greedy
  4600 | D:4      | Gained mutation: You have a pair of antennae on your head.
                  | [demonic ancestry]
  4600 | D:4      | Reached XP level 5. HP: 31/41 MP: 5/5
  4877 | D:4      | Noticed Ijyb
  4908 | D:4      | Killed Ijyb
  5441 | D:4      | Killed an ogre
  5442 | D:4      | Gained mutation: You are surrounded by a moderate repulsion
                  | field. (EV +3) [demonic ancestry]
  5442 | D:4      | Reached XP level 6. HP: 32/48 MP: 6/6
  5612 | D:4      | Reached skill level 1 in Evocations
  5809 | D:5      | HP: 2/48 [Prince Ribbit (6)]
  5811 | D:5      | Slain by Prince Ribbit

Illustrated notes

Levels and vault maps discovered:
D:1:      sevenhm_arrival_forest_fort_small_6, layout_basic,
          dreamdust_ecumenical_altar_drowned_temple
D:2:      layout_basic
D:3:      layout_loops_ring, mainiacjoe_overflow_tiny_flanked,
          nicolae_elyvilon_peaceful_grove, mainiacjoe_overflow_large_starburst,
          serial_shops, nicolae_square_shop, kennysheep_boxes
D:4:      layout_basic, minmay_temple_entry_nine_rooms, uniq_ijyb
D:5:      layout_loops_corners, gup_sewer_entry_pipe, minmay_ogre_servants,
          uniq_prince_ribbit1
Temple:   nicolae_temple_hex_pool

Skill      XL: |  1  2  3  4  5  6 |
---------------+-------------------+-----
Axes           | 2 3 |  3.9
Dodging        | 2 |  2.8
Stealth        | 5 |  5.1
Armour         | 1 2 |  2.4
Evocations     | 1 |  1.2
Fighting       | |  3.8

Action                   |  1- 3 |  4- 6 || total
-------------------------+-------+-------++-------
Melee: Hand axe          |   149 |   244 ||   393
Evoke: Wand              |       |     6 ||     6
  Use: Scroll            |     2 |       ||     2
       Potion            |       |     1 ||     1
 Stab: Sleeping          |     7 |       ||     7
Armor: Leather armour    |    58 |       ||    58
       Chain mail        |    10 |   148 ||   158
Dodge: Dodged            |   125 |   135 ||   260

Table legend: (Time is in decaauts)
 A = Elapsed time spent in this place.
 B = Non-inter-level travel time spent in this place.
 C = Inter-level travel time spent in this place.
 D = Time resting spent in this place.
 E = Time spent auto-exploring this place.
 F = Levels seen in this place.
 G = Mean time per level.
                   A        B        C        D        E       F      G
               +--------+--------+--------+--------+--------+-----+--------+
         Total |   5875 |   5327 |    548 |    206 |   3986 |   6 |  979.2 |
       Dungeon |   5862 |   5321 |    541 |    206 |   3986 |   5 | 1172.4 |
        Temple |     13 |      6 |      7 |      0 |      0 |   1 |   13.0 |
               +--------+--------+--------+--------+--------+-----+--------+

Top non-repeatable levels by time:
     D:3: 1912 daAuts
     D:4: 1833 daAuts
     D:1: 1046 daAuts
     D:2: 1006 daAuts
     D:5: 64 daAuts
  Temple: 13 daAuts
